Map: Kairos Junction LE

Players

Ziggy - Winner!

  • Race: Terran Terran
  • Spawn Location: 11:00

MacSed

  • Race: Protoss Protoss
  • Spawn Location: 5:00

Event: 2019 WCS Spring

VOD

Have the link to the VOD?

Description

Time

  • Played on: May 17, 2019, 1:56 p.m.
  • Length: 13:52

All games in this series

Show
View Real Time Build Order
Export as new Build Order

Ziggy Terran - Winner!

Build Orders: Gas First Reaper Expand 

Get SALT Encoding   

  12  0:00  SCV  
  13  0:12  SCV  
  14  0:16  Supply Depot  
  14  0:24  SCV  
  14  0:27  Refinery  
  15  0:38  SCV  
  16  0:44  Barracks  
  16  0:50  SCV  
  17  1:02  SCV  
  18  1:11  Engineering Bay  
  18  1:14  SCV  
  19  1:32  Reaper, Orbital Command  
  20  1:56  Command Center  
  20  2:07  Factory  
  20  2:10  Barracks Reactor  
  20  2:13  SCV  
  21  2:19  Supply Depot  
  21  2:27  Bunker  
  21  2:30  SCV  
  21  2:36  Refinery  
  22  2:42  SCV  
  23  2:56  Starport  
  23  2:57  Hellion x2  
  27  3:02  SCV  
  28  3:10  Orbital Command  
  28  3:18  Widow Mine  
  28  3:19  Widow Mine  
  32  3:23  SCV  
  32  3:25  Orbital Command  
  33  3:34  Medivac  
  35  3:35  SCV  
  35  3:40  Widow Mine  
  38  3:45  Barracks Tech Lab  
  38  3:47  SCV  
  38  3:57  SCV  
  38  4:00  SCV  
  36  4:03  Liberator  
  36  4:09  SCV  
  37  4:10  Refinery  
  37  4:12  SCV  
  37  4:13  Marine  
  37  4:14  Siege Tank, Marine  
  37  4:16  Bunker  
  43  4:24  Supply Depot  
  46  4:26  Supply Depot  
  46  4:37  Marine  
  46  4:39  Marine  
  46  4:40  SCV  
  46  4:42  SCV  
  42  4:51  Siege Tank  
  45  4:52  SCV  
  45  4:54  SCV  
  45  4:55  Marine  
  45  4:56  Marine  
  45  4:58  Orbital Command  
  46  5:06  SCV  
  47  5:12  Marine  
  47  5:14  Marine  
  47  5:18  SCV, Barracks  
  47  5:20  Barracks  
  48  5:26  Supply Depot  
  48  5:40  Orbital Command  
  48  5:41  Supply Depot  
  48  5:48  SCV, Siege Tank  
  52  6:00  SCV, Marine  
  52  6:03  Marine  
  55  6:06  SCV  
  55  6:07  Barracks Tech Lab x2  
  56  6:12  SCV  
  56  6:18  SCV  
  58  6:19  Barracks  
  58  6:21  Barracks  
  58  6:22  Siege Tank  
  58  6:24  SCV  
  56  6:30  SCV  
  57  6:36  SCV  
  57  6:39  Supply Depot  
  58  6:41  Refinery  
  58  6:42  SCV  
  59  6:48  Supply Depot  
  59  6:49  SCV  
  59  6:52  Starport Reactor  
  60  6:54  SCV, Marine  
  60  7:01  Siege Tank, Marine  
  66  7:03  SCV  
  66  7:04  Supply Depot  
  67  7:10  SCV  
  67  7:11  Barracks Tech Lab x2  
  67  7:12  Supply Depot  
  67  7:15  Marauder  
  70  7:18  Marauder  
  70  7:19  Marine  
  70  7:22  SCV x2  
  75  7:27  Refinery  
  75  7:28  Supply Depot  
  75  7:32  Marauder  
  75  7:34  Marauder, SCV  
  80  7:43  Marauder, Marine  
  82  7:48  SCV x2, Siege Tank  
  79  7:56  Combat Shield, Stimpack  
  79  7:58  Barracks Tech Lab  
  79  8:04  Barracks Tech Lab  
  79  8:08  Ghost Academy  
  79  8:12  SCV x2  
  81  8:14  Marauder x2, Marine x2  
  81  8:15  Medivac  
  81  8:18  Marauder  
  81  8:19  Medivac  
  93  8:29  Marauder  
  93  8:32  Supply Depot  
  93  8:33  Factory Reactor  
  95  8:34  Supply Depot  
  95  8:35  Marauder  
  95  8:37  Marauder  
  99  8:45  Medivac  
  99  8:46  Engineering Bay  
  99  8:48  Marine  
  102  8:53  Medivac, Marine x2  
  106  8:59  Ghost  
  108  9:05  Marine  
  108  9:09  Ghost  
  111  9:10  Marine  
  111  9:11  Marine x2  
  111  9:12  Supply Depot  
  111  9:14  Supply Depot  
  114  9:19  Missile Turret  
  114  9:23  Marine  
  112  9:25  Widow Mine  
  112  9:29  Missile Turret x2, Concussive Shells  
  114  9:34  Marauder, Marine x2  
  118  9:42  Ghost  
  118  9:43  Marine x2  
  122  9:46  Widow Mine  
  122  9:49  Widow Mine  
  126  10:02  Marine  
  126  10:03  Marine  
  124  10:20  Marauder, Marine x2  
  128  10:22  Marine  
  112  10:31  Orbital Command  
  76  10:51  Marine x2  
  69  11:07  Marine  
  40  11:35  Marine  
  30  12:21  Orbital Command  
  30  12:32  Marine  
  30  12:33  Marauder  
  27  12:59  Marine  
  28  13:18  SCV x2  
  29  13:24  Marine  
  30  13:30  SCV  
Show
View Real Time Build Order
Export as new Build Order

MacSed Protoss 

Build Orders: 1 Gate Expand 

Get SALT Encoding   

  12  0:00  Probe  
  13  0:12  Probe  
  14  0:16  Pylon  
  14  0:23  Probe  
  15  0:32  Probe  
  15  0:36  Gateway  
  15  0:40  Probe  
  16  0:45  Assimilator  
  17  0:51  Probe  
  18  1:03  Probe  
  19  1:15  Probe  
  20  1:22  Cybernetics Core  
  20  1:43  Nexus  
  20  1:45  Pylon  
  20  1:47  Probe  
  20  1:49  Warp Gate, Adept  
  21  1:54  Assimilator  
  23  2:03  Shield Battery  
  23  2:05  Probe  
  24  2:17  Probe  
  24  2:19  Stalker  
  27  2:29  Probe  
  28  2:41  Probe  
  29  2:51  Gateway  
  29  2:52  Gateway  
  29  2:53  Stalker  
  29  2:58  Probe  
  32  3:00  Probe  
  33  3:11  Shield Battery  
  33  3:15  Probe  
  33  3:16  Probe  
  35  3:24  Robotics Facility  
  35  3:30  Probe  
  35  3:31  Probe  
  37  3:47  Stalker x3  
  42  3:50  Probe  
  43  3:56  Pylon  
  43  3:57  Probe  
  44  4:03  Probe  
  44  4:09  Probe  
  46  4:13  Observer  
  46  4:19  Stalker x3  
  46  4:21  Probe  
  54  4:27  Pylon  
  54  4:33  Probe  
  54  4:47  Stalker x3  
  53  4:53  Probe  
  53  4:56  Probe  
  55  5:10  Stalker x2  
  55  5:11  Probe  
  60  5:19  Probe  
  61  5:22  Pylon  
  60  5:29  Stalker  
  62  5:39  Probe  
  62  5:40  Probe  
  63  5:44  Twilight Council  
  63  5:47  Pylon  
  63  5:51  Probe  
  63  5:52  Charge, Probe  
  63  5:55  Pylon  
  63  5:56  Sentry  
  67  5:58  Warp Prism  
  65  6:08  Gateway  
  67  6:13  Gateway  
  67  6:18  Gateway  
  67  6:29  Gateway  
  67  6:32  Gateway  
  67  6:38  Zealot x3  
  73  6:42  Pylon  
  73  6:50  Pylon  
  73  7:00  Zealot x3  
  79  7:11  Zealot x2  
  83  7:16  Nexus  
  83  7:36  Zealot x6  
  95  7:41  Zealot x2  
  87  7:54  Probe x2  
  87  7:56  Observer  
  83  8:00  Forge  
  83  8:01  Warp Prism  
  83  8:03  Forge  
  83  8:06  Probe x2  
  79  8:17  Dark Shrine  
  79  8:20  Probe x2  
  79  8:21  Protoss Ground Weapons Level 1  
  79  8:23  Protoss Ground Armor Level 1  
  79  8:24  Blink  
  81  8:29  Zealot x2  
  81  8:32  Probe x3  
  88  8:44  Probe  
  91  8:54  Zealot x3  
  91  8:55  Zealot  
  97  9:00  Zealot x3  
  103  9:06  Pylon  
  103  9:08  Observer  
  103  9:09  Pylon  
  103  9:10  Zealot  
  103  9:24  Zealot x7  
  117  9:42  Stalker  
  117  9:44  Pylon  
  119  9:46  Stalker x3  
  119  9:48  Pylon  
  119  9:51  Pylon  
  119  9:52  Pylon  
  125  10:06  Zealot x5  
  123  10:14  Dark Templar  
  123  10:21  Dark Templar  
  119  10:26  Dark Templar  
  119  10:27  Dark Templar  
  95  10:35  Zealot x3  
  95  10:36  Zealot  
  96  10:52  Dark Templar  
  96  10:54  Pylon  
  96  10:55  Zealot, Pylon  
  100  10:58  Zealot x4  
  61  11:17  Zealot x3  
  61  11:18  Dark Templar  
  50  11:30  Dark Templar  
  49  11:38  Zealot  
  41  11:50  Zealot  
  37  12:00  Stalker  
  38  12:18  Stalker  
  40  12:24  Stalker  
  40  12:25  Stalker  
  44  12:32  Dark Templar  
  44  12:35  Zealot  
  47  12:40  Zealot  
  49  12:48  Zealot  
  39  13:01  Dark Templar  
  36  13:06  Zealot  
  29  13:23  Zealot  
  23  13:42  Zealot  
Tags
 
Add a new tag
Caveats
  • Supply blocks, unpowered buildings, or Contaminate may cause inaccurate times.
  • Supply counts are checked every 10 seconds.